 Dungeon Crawl Stone Soup version 0.29.1-12-g30fa7ad0bf (webtiles) character file.

Game seed: 4284409610955196842

880 wormed the Covert (level 8, -2/67 HPs)
             Began as a Gnoll Delver on Dec 28, 2022.
             Was an Initiate of Gozag.
             Blown up by a centaur (16 damage)
             ... with a mindburst bolt
             ... on level 5 of the Dungeon.
             The game lasted 00:06:25 (5240 turns).

wormed the Covert (Gnoll Delver)                    Turns: 5240, Time: 00:06:26

Health: -2/67      AC: 11    Str: 11    XL:     8   Next: 5%
Magic:  12/12      EV: 13    Int: 10    God:    Gozag
Gold:   504        SH:  5    Dex: 16    Spells: 13/13 levels left

rFire   . . .      SeeInvis .   j - +0 double sword
rCold   . . .      Faith    .   a - +0 buckler
rNeg    . . .      Spirit   .   b - +0 leather armour
rPois   .          Reflect  .   n - +2 helmet
rElec   .          Harm     .   (no cloak)
rCorr   .          Rampage  .   t - +0 pair of gloves
Will    .....                   (no boots)
Stlth   ++++......              (no amulet)
HPRegen 0.21/turn               v - +4 ring of protection
MPRegen 0.13/turn               (no ring)

@: no status effects
A: fangs 1, strong nose, distributed training
a: Renounce Religion, Potion Petition, Call Merchant, Bribe Branch


You were on level 5 of the Dungeon.
You worshipped Gozag.
Gozag was pleased with you.
You visited 1 branch of the dungeon, and saw 5 of its levels.

You collected 504 gold pieces.

Inventory:

Hand Weapons
 j - a +0 double sword (weapon)
Armour
 a - a +0 buckler (worn)
 b - a +0 leather armour (worn)
 n - a +2 helmet (worn)
 t - a +0 pair of gloves (worn)
Jewellery
 s - a ring of wizardry
 v - a +4 ring of protection (left hand)
Wands
 d - a wand of flame (29)
 g - a wand of digging (3)
 w - a wand of roots (8)
Scrolls
 c - a scroll of fog
 i - a scroll of enchant armour {unknown}
 k - a scroll of enchant weapon {unknown}
 l - 3 scrolls of identify {unknown}
 m - a scroll of teleportation {unknown}
 r - 2 scrolls of noise {unknown}
Potions
 f - a potion of haste
 h - 2 potions of degeneration {unknown}
 o - 2 potions of curing {unknown}
 p - 3 potions of heal wounds
 q - a potion of mutation {unknown}
 u - a potion of lignification {unknown}
 x - a potion of flight {unknown}


   Skills:
 + Level 7.2 Fighting
 + Level 3.0 Short Blades
 + Level 5.5 Long Blades
 + Level 3.0 Axes
 + Level 3.0 Maces & Flails
 + Level 3.0 Polearms
 + Level 3.0 Staves
 + Level 3.0 Ranged Weapons
 + Level 3.0 Throwing
 + Level 3.0 Armour
 + Level 5.5 Dodging
 + Level 10.1 Stealth
 + Level 3.0 Shields
 + Level 3.0 Unarmed Combat
 + Level 3.0 Spellcasting
 + Level 2.4 Conjurations
 + Level 2.4 Hexes
 + Level 2.4 Summonings
 + Level 2.4 Necromancy
 + Level 2.4 Translocations
 + Level 2.4 Transmutations
 + Level 2.4 Fire Magic
 + Level 2.4 Ice Magic
 + Level 2.4 Air Magic
 + Level 2.4 Earth Magic
 + Level 2.4 Poison Magic
 + Level 3.3 Invocations
 + Level 3.0 Evocations


You had 13 spell levels left.
You didn't know any spells.
Your spell library contained the following spells:

 Spells                   Type           Power      Damage    Failure   Level
 Animate Armour           Summ/Erth      12%        N/A       87%         4
 Blade Hands              Tmut           3%         N/A       99%         5
 Iron Shot                Conj/Erth      3%         9d2       100%        6


Dungeon Overview and Level Annotations

Branches:
Dungeon (5/15)
 Temple: D:4-7

Altars:
Gozag


Innate Abilities, Weirdness & Mutations

You have very sharp teeth.
Your uncanny sense of smell can sniff out nearby items.
Your experience applies equally to all skills.


Message History

The howler monkey hoots and howls with incredible vigour!
You hear a bark!
You slash the howler monkey!
You kill the howler monkey!
No target in view!
No target in view!
No target in view!
No target in view!
No target in view!
No target in view!
No target in view!
No target in view!
No target in view!
No target in view!
A centaur comes into view.
It is carrying a wand of mindburst (13).
The centaur wields a +0 shortbow.
The centaur shoots an arrow.
The arrow closely misses you.
A centaur is nearby!
A hound comes into view.
The centaur shoots an arrow.
The arrow hits you.
The centaur zaps a wand.
You struggle to resist.
The centaur shoots an arrow.
The arrow hits you.
There is a stone staircase leading down here.
You barely miss the ice beast.
You bite the ice beast, but do no damage.
You block the ice beast's attack.
The centaur shoots an arrow.
The arrow hits you but does no damage. The ice beast hits you.
The ice beast freezes you!
The centaur shoots an arrow.
The arrow hits you!
You hit the ice beast.
The ice beast is lightly wounded.
The ice beast hits you. The ice beast freezes you!
* * * LOW HITPOINT WARNING * * *
Unknown command.
The ice beast attacks as you move away! You block the ice beast's attack.
The hound barely misses you.
As you read the scroll of fear, it crumbles to dust.
You assume a fearsome visage.
The hound looks frightened!
The ice beast looks frightened!
The centaur zaps a wand.
Your mind is blasted!
You die...

#..,,* ########...##.#..#.##.#.#
#....**
#...........#.#..#.##.#..
#.....*
#.#######.#......#.#...,.
*##...###.###
###.##.##..#......# #.....$....#
#..............##,*
#..........###.......##.,...,,,*
#............#.........,*,,,,,,,
#..........#.........#*∆**,,,**,
#.........h.$..@.....#*,,,,,,**,
#######.##.#..........##**,,***,
#).#.#.>#######..##*,,,,,,
##.....c..## *....,,,,,,*
####..Y.....#*##....,,,,,,,
#....#.####c##.^.#,#..#,**,
#.####.##......#**,...#,,*, #.#
#.##.##...# *#...#*,*, ##.#
##.#..##.#.####...#*,,.


You could see an ice beast (fleeing), a centaur and a hound (fleeing).

Vanquished Creatures
  An orc warrior (D:4)
  An ogre (D:5)
  Blork the orc (D:4)
  2 necrophages (D:5)
  A scorpion (D:4)
  A howler monkey (D:5)
  An orc priest (D:4)
  2 hounds
  2 jellies (D:2)
  3 orc wizards
  Robin (D:2)
  5 adders (D:2)
  4 gnolls
  An ufetubus (D:5)
  3 worms
  3 orcs
  10 endoplasms
  5 giant cockroaches
  9 goblins
  6 hobgoblins
  2 jackals (D:2)
  11 kobolds
  4 quokkas
  7 ball pythons
  7 bats
  3 frilled lizards
  4 rats
100 creatures vanquished.

Vanquished Creatures (others)
  7 fungi (D:2)
  9 toadstools (D:2)
16 creatures vanquished.

Grand Total: 116 creatures vanquished

Notes
Turn   | Place    | Note
-------+----------+-------------------------------------------
     0 | D:5      | Reached skill level 9 in Stealth
     0 | D:5      | wormed the Gnoll Delver began the quest for the Orb.
     0 | D:5      | Reached XP level 1. HP: 23/23 MP: 1/1
    14 | D:5      | Noticed a howler monkey
    21 | D:5      | Noticed an ice beast
    79 | D:3      | Noticed an orc wizard
   313 | D:2      | Reached XP level 2. HP: 12/29 MP: 2/2
   731 | D:2      | Found a faded altar of an unknown god.
   885 | D:2      | Reached XP level 3. HP: 6/35 MP: 3/3
  1219 | D:2      | Reached skill level 1 in Invocations
  1233 | D:2      | Reached skill level 1 in Short Blades
  1233 | D:2      | Reached skill level 1 in Axes
  1233 | D:2      | Reached skill level 1 in Maces & Flails
  1233 | D:2      | Reached skill level 1 in Polearms
  1233 | D:2      | Reached skill level 1 in Staves
  1233 | D:2      | Reached skill level 1 in Ranged Weapons
  1233 | D:2      | Reached skill level 1 in Throwing
  1233 | D:2      | Reached skill level 1 in Armour
  1233 | D:2      | Reached skill level 1 in Shields
  1233 | D:2      | Reached skill level 1 in Unarmed Combat
  1233 | D:2      | Reached skill level 1 in Spellcasting
  1233 | D:2      | Reached skill level 1 in Evocations
  1258 | D:2      | Reached XP level 4. HP: 32/41 MP: 5/5
  1412 | D:2      | Noticed Robin
  1429 | D:2      | Killed Robin
  1435 | D:2      | Reached skill level 1 in Conjurations
  1435 | D:2      | Reached skill level 1 in Hexes
  1435 | D:2      | Reached skill level 1 in Summonings
  1435 | D:2      | Reached skill level 1 in Necromancy
  1435 | D:2      | Reached skill level 1 in Translocations
  1435 | D:2      | Reached skill level 1 in Transmutations
  1435 | D:2      | Reached skill level 1 in Fire Magic
  1435 | D:2      | Reached skill level 1 in Ice Magic
  1435 | D:2      | Reached skill level 1 in Air Magic
  1435 | D:2      | Reached skill level 1 in Earth Magic
  1435 | D:2      | Reached skill level 1 in Poison Magic
  2283 | D:2      | Reached XP level 5. HP: 31/47 MP: 5/7
  2576 | D:2      | Prayed at the altar of an unknown god.
  2576 | D:2      | Became a worshipper of Gozag Ym Sagoz the Greedy
  3654 | D:3      | Reached XP level 6. HP: 53/53 MP: 8/8
  3841 | D:3      | Reached skill level 5 in Long Blades
  3841 | D:3      | Reached skill level 5 in Dodging
  4205 | D:4      | Noticed an orc warrior
  4599 | D:4      | Reached XP level 7. HP: 58/60 MP: 10/10
  4682 | D:4      | Noticed Blork the orc
  4694 | D:4      | Killed Blork the orc
  5058 | D:5      | Reached skill level 10 in Stealth
  5172 | D:5      | Reached XP level 8. HP: 65/67 MP: 12/12
  5240 | D:5      | Blown up by a centaur

Illustrated notes

Levels and vault maps discovered:
D:1:      heliophobic_arrival_enchanted_forest, layout_basic
D:2:      cheibrodos_fertilizer, layout_loops_ring,
          hellmonk_ecumenical_altar_heavens_door, uniq_robin
D:3:      layout_basic
D:4:      layout_rooms, uniq_blork_the_orc
D:5:      layout_rooms, uniq_duvessa

Skill      XL: |  1  2  3  4  5  6  7 |
---------------+----------------------+-----
Stealth        | 10 | 10.1
Invocations    | 1 2 3 |  3.3
Short Blades   | 1 2 3 |  3.0
Axes           | 1 2 3 |  3.0
Maces & Flails | 1 2 3 |  3.0
Polearms       | 1 2 3 |  3.0
Staves         | 1 2 3 |  3.0
Ranged Weapons | 1 2 3 |  3.0
Throwing       | 1 2 3 |  3.0
Armour         | 1 2 3 |  3.0
Shields        | 1 2 3 |  3.0
Unarmed Combat | 1 2 3 |  3.0
Spellcasting   | 1 2 3 |  3.0
Evocations     | 1 2 3 |  3.0
Conjurations   | 1 2 |  2.4
Hexes          | 1 2 |  2.4
Summonings     | 1 2 |  2.4
Necromancy     | 1 2 |  2.4
Translocations | 1 2 |  2.4
Transmutations | 1 2 |  2.4
Fire Magic     | 1 2 |  2.4
Ice Magic      | 1 2 |  2.4
Air Magic      | 1 2 |  2.4
Earth Magic    | 1 2 |  2.4
Poison Magic   | 1 2 |  2.4
Long Blades    | 5 |  5.5
Dodging        | 5 |  5.5
Fighting       | 7 |  7.2

Action                   |  1- 3 |  4- 6 |  7- 9 || total
-------------------------+-------+-------+-------++-------
Melee: Falchion          |    38 |       |       ||    38
       Bite              |     8 |    21 |     7 ||    36
       Double sword      |    29 |   169 |    60 ||   258
  Use: Scroll            |     1 |     1 |     1 ||     3
 Stab: Distracted        |     1 |       |       ||     1
       Sleeping          |     2 |    21 |     2 ||    25
Armor: Leather armour    |    21 |    25 |    17 ||    63
Dodge: Dodged            |    49 |    91 |    40 ||   180
Block: Buckler           |       |    27 |    14 ||    41
